 Dungeon Crawl Stone Soup version 0.31-a0-1178-gc5c9b8f871 (webtiles) character file.

Game seed: 9931322278713694198

700 qw the Skirmisher (level 7, -2/44 HPs)
             Began as a Gargoyle Hunter on Dec 11, 2023.
             Slain by a gnoll
             ... wielding a +0 halberd
             ... led by a gnoll bouda
              (10 damage)
             ... on level 5 of the Dungeon.
             The game lasted 00:01:25 (3583 turns).

qw the Skirmisher (Gargoyle Hunter)                 Turns: 3583, Time: 00:01:26

Health: -2/44      AC: 14    Str: 15    XL:     7   Next: 65%
Magic:  7/7        EV: 11    Int:  9    God:
Gold:   195        SH:  5    Dex: 15    Spells: 6/6 levels left

rFire   . . .        a - +3 shortbow
rCold   . . .        (shield currently unavailable)
rNeg    + + .        m - +3 ring mail of Indomitability {Regen+}
rPois   inf          (no helmet)
rElec   +            (no cloak)
rCorr   .            (no gloves)
SInv    .            g - +0 pair of boots
Will    .....        k - amulet of reflection
Stlth   +            i - ring of positive energy
HPRegen 1.07/turn    (no ring)
MPRegen 0.10/turn

%: reflection
@: about to teleport, weakened
A: sickness immunity, AC +4, negative energy resistance 1, electricity
resistance, torment resistance 1, petrification resistance
a: no special abilities


You were on level 5 of the Dungeon.
You visited 1 branch of the dungeon, and saw 5 of its levels.

You collected 195 gold pieces.


Innate Abilities, Weirdness & Mutations

You are immune to sickness and miasma.
Your stone body is resilient. (AC +4)
You are immune to poison.
You resist negative energy. (rN+)
You are resistant to electric shocks. (rElec)
You are resistant to unholy torment.
You are immune to petrification.


   Skills:
 + Level 4.9 Fighting
 - Level 8.0 Ranged Weapons
 - Level 1.3 Armour
 - Level 1.5 Dodging
 - Level 1.1 Stealth


You had 6 spell levels left.
You didn't know any spells.
Your spell library was empty.

Inventory:

Hand Weapons
 a - a +3 shortbow (weapon)
Armour
 e - a +0 pair of boots of rampaging
 g - a +0 pair of boots (worn)
 m - the +3 ring mail of Indomitability (worn) {Regen+}
   (You found it on level 3 of the Dungeon)

   Regen+:    It increases your rate of health regeneration.
Jewellery
 i - a ring of positive energy (left hand)
 k - an amulet of reflection (around neck)
Wands
 f - a wand of paralysis (12)
Scrolls
 d - 3 scrolls of identify
 h - 2 scrolls of teleportation
Potions
 b - a potion of resistance
 c - a potion of mutation
 n - a potion of curing
 o - a potion of attraction {unknown}
 p - a potion of berserk rage {unknown}

Dungeon Overview and Level Annotations

Branches:
Dungeon (5/15)
 Temple: D:4-7

Altars:
Fedhas
Kikubaaqudgha
Wu Jian
Yredelemnul
The Shining One


Message History

You shoot an arrow.
The arrow hits the gnoll bouda but does no damage.
The gnoll bouda is moderately wounded.
You block the gnoll bouda's attack.
The gnoll hits you from afar with a +0 halberd!
The gnoll bouda closely misses you.
You shoot an arrow.
The arrow hits the gnoll bouda but does no damage.
The gnoll bouda is moderately wounded.
The gnoll closely misses you.
The gnoll bouda hits you but does no damage.
You shoot an arrow.
The arrow hits the gnoll bouda but does no damage.
The gnoll bouda is moderately wounded.
The gnoll hits you from afar with a +0 halberd!
The gnoll bouda hits you with a +0 club.
You shoot an arrow.
The arrow barely misses the gnoll bouda.
The gnoll barely misses you. You block the gnoll bouda's attack.
You shoot an arrow.
The arrow closely misses the gnoll bouda.
You block the gnoll's attack.
The gnoll bouda hits you with a +0 club!
You shoot an arrow.
The arrow completely misses the gnoll bouda.
The gnoll closely misses you.
The gnoll bouda hits you with a +0 club.
You shoot an arrow. The arrow hits the gnoll bouda.
The gnoll bouda is heavily wounded.
The gnoll hits you but does no damage.
The gnoll bouda hits you with a +0 club!
The gnoll hits you from afar with a +0 halberd!
3583 ||| READING 3 scrolls of teleportation.
As you read the scroll of teleportation, it crumbles to dust.
You feel strangely unstable.
The gnoll bouda gazes fiercely through you!
You feel your attacks grow feeble. You block the gnoll bouda's attack.
The gnoll hits you from afar with a +0 halberd!
You die...

# .. ##. ..
.. .# ### ..
.. ... .###.
### g).
############
#g#
............
#@# ###.....
#.# #.'###
#.# #.#...
#.# #.#.'#
#.# #.#.#.
#.# #.#.#.
#.# #.#.#.
##### #.#
..#.#.
#...#####.#
#.#.+#


You could see a gnoll bouda and a gnoll (swift).

Vanquished Creatures
  An ogre (D:5)
  A phantom (D:5)
  A scorpion (D:5)
  A howler monkey (D:4)
  A jelly (D:5)
  3 hounds
  An iguana (D:4)
  4 orc wizards
  2 gnolls (D:5)
  8 adders
  2 ufetubi (D:5)
  3 worms
  2 dart slugs
  9 orcs
  5 ball pythons
  9 endoplasms
  5 giant cockroaches
  7 goblins
  8 hobgoblins
  5 jackals
  A quokka (D:2)
  5 bats
  2 frilled lizards (D:1)
  4 kobolds
  3 rats
93 creatures vanquished.

Notes
Turn   | Place    | Note
-------+----------+-------------------------------------------
     0 | D:1      | qw the Gargoyle Hunter began the quest for the Orb.
     0 | D:1      | Reached XP level 1. HP: 12/12 MP: 1/1
     0 | D:1      | 0 ||| qw: Version: 0.3-a-106-g2cfff9e
     0 | D:1      | 0 ||| qw: Game counter: 2001
     0 | D:1      | 0 ||| qw: Melee chars always use a shield: true
     0 | D:1      | 0 ||| qw: God list: Okawaru
     0 | D:1      | 0 ||| qw: Allow faded altars: false
     0 | D:1      | 0 ||| qw: Do Orc after clearing Dungeon:15 true
     0 | D:1      | 0 ||| qw: Do second Lair branch before Depths: true
     0 | D:1      | 0 ||| qw: Lair rune preference: random
     0 | D:1      | 0 ||| qw: Goals: Normal, Save, Zot:1-4, Win
     0 | D:1      | 0 ||| PLANNING D:1-11
   178 | D:1      | Reached XP level 2. HP: 17/17 MP: 2/2
   641 | D:1      | Reached XP level 3. HP: 21/21 MP: 3/3
   923 | D:1      | 923 ||| UPGRADING to +0 pair of boots.
   928 | D:1      | 928 ||| UPGRADING to +0 ring mail.
   938 | D:1      | 938 ||| DROPPING +0 leather armour.
   939 | D:1      | 939 ||| DROPPING +6 ring of intelligence.
   940 | D:1      | 940 ||| READING scroll labelled QAGHAKHLUSI.
  1041 | D:1      | 1041 ||| READING scroll labelled BALULE QEEBEU.
  1041 | D:1      | 1041 ||| ENCHANTING +0 shortbow.
  1042 | D:1      | 1042 ||| READING 2 scrolls labelled EMUOTR EZYO.
  1042 | D:1      | 1042 ||| IDENTIFYING scroll labelled BESITR OLUAH
  1043 | D:1      | 1043 ||| DROPPING scroll of butterflies.
  1120 | D:2      | Reached skill level 1 in Armour
  1214 | D:2      | Reached skill level 5 in Ranged Weapons
  1282 | D:2      | Reached XP level 4. HP: 27/27 MP: 4/4
  1327 | D:2      | Reached skill level 3 in Fighting
  1329 | D:2      | 1329 ||| READING scroll of enchant weapon.
  1329 | D:2      | 1329 ||| ENCHANTING +1 shortbow.
  1573 | D:2      | 1573 ||| READING 2 scrolls of identify.
  1573 | D:2      | 1573 ||| IDENTIFYING viscous ruby potion
  1574 | D:2      | 1574 ||| READING scroll of identify.
  1574 | D:2      | 1574 ||| IDENTIFYING green potion
  1915 | D:3      | Reached XP level 5. HP: 19/32 MP: 5/5
  2185 | D:3      | 2185 ||| READING scroll of enchant weapon.
  2185 | D:3      | 2185 ||| ENCHANTING +2 shortbow.
  2258 | D:3      | Reached skill level 6 in Ranged Weapons
  2262 | D:3      | Identified the +3 ring mail of Indomitability {Regen+}
  2518 | D:3      | 2518 ||| UPGRADING to +3 ring mail of Indomitability
                  | {Regen+}.
  2528 | D:3      | 2528 ||| DROPPING +0 ring mail.
  2529 | D:3      | 2529 ||| UPGRADING to amulet of reflection.
  2534 | D:3      | 2534 ||| UPGRADING to ring of positive energy.
  2535 | D:3      | 2535 ||| READING scroll labelled XUTIEV OMOEJU.
  2536 | D:3      | 2536 ||| READING scroll labelled JYOSER PODIK.
  2704 | D:4      | Reached XP level 6. HP: 36/39 MP: 6/6
  2923 | D:4      | 2923 ||| READING 3 scrolls of identify.
  2923 | D:4      | 2923 ||| IDENTIFYING sedimented white potion
  2930 | D:4      | 2930 ||| READING 2 scrolls of identify.
  2930 | D:4      | 2930 ||| IDENTIFYING sapphire potion
  2995 | D:4      | Found an ornate altar of the Wu Jian Council.
  3000 | D:4      | 3000 ||| READING scroll of identify.
  3000 | D:4      | 3000 ||| IDENTIFYING fizzy orange potion
  3001 | D:4      | 3001 ||| READING scroll labelled EPHONO DYJY.
  3002 | D:4      | 3002 ||| READING 3 scrolls labelled DORAWN YMIATS.
  3003 | D:4      | 3003 ||| READING 3 scrolls labelled WYNUG HITOPE.
  3004 | D:4      | 3004 ||| DROPPING potion of lignification.
  3005 | D:4      | 3005 ||| DROPPING potion of brilliance.
  3006 | D:4      | 3006 ||| DROPPING 2 scrolls of noise.
  3007 | D:4      | 3007 ||| DROPPING 2 scrolls of summoning.
  3035 | D:5      | Entered Level 5 of the Dungeon
  3107 | D:5      | Reached skill level 7 in Ranged Weapons
  3127 | D:5      | Reached XP level 7. HP: 22/44 MP: 7/7
  3205 | D:5      | Found a faded altar of an unknown god.
  3205 | D:5      | Found a blossoming altar of Fedhas.
  3213 | D:5      | Found an ancient bone altar of Kikubaaqudgha.
  3215 | D:5      | Found a basalt altar of Yredelemnul.
  3217 | D:5      | Found a glowing golden altar of the Shining One.
  3374 | D:5      | Reached skill level 8 in Ranged Weapons
  3582 | D:5      | HP: 7/44 [gnoll/+0 halberd[a gnoll bouda] (10)]
  3583 | D:5      | 3583 ||| READING 3 scrolls of teleportation.
  3583 | D:5      | Slain by a gnoll

Levels and vault maps discovered:
D:1:      dpeg_arrival_circle_labyrinth_c, layout_rooms, serial_forest,
          infiniplex_forest_zigzag_2, infiniplex_forest_clump_long,
          infiniplex_forest_clump_tiny, infiniplex_forest_lined_room_2,
          infiniplex_forest_lined_ring, infiniplex_forest_lined_room_2,
          hangedman_decor_slide_cut, chequers_jeans, nrook_uturn,
          skrybe_limestone_x
D:2:      layout_basic
D:3:      layout_basic
D:4:      layout_rooms, nzn_wu_jian_council_hall, uniq_crazy_yiuf_cottage
D:5:      layout_loops_ring, chequers_temple_overflow_minitemple, minivault_11,
          minmay_misc_feat_roman

Skill      XL: |  1  2  3  4  5  6  7 |
---------------+----------------------+-----
Armour         | 1 |  1.3
Ranged Weapons | 5 6 7 8 |  8.0
Fighting       | 3 4 |  4.9
Dodging        | |  1.5
Stealth        | |  1.1

Action                     |  1- 3 |  4- 6 |  7- 9 || total
---------------------------+-------+-------+-------++-------
   Fire: Shortbow          |   107 |   178 |    58 ||   343
    Use: Scroll            |     3 |    12 |     1 ||    16
 Armour: Leather armour    |     6 |       |       ||     6
         Ring mail         |    47 |    60 |    26 ||   133
  Dodge: Dodged            |    70 |    46 |    15 ||   131
  Block: Other             |       |     9 |    13 ||    22

Table legend:
 A = Non-vault XP
 B = Vault XP
 C = Vault XP percentage of total XP
 D = Non-vault monster count
 E = Vault monster count
 F = Vault count percentage of total count
                 A         B        C        D         E       F
            +---------+---------+-------+---------+---------+-------
      Total |    1000 |       0 |   0.0 |      93 |       0 |   0.0
            +---------+---------+-------+---------+---------+-------
        D:1 |      34 |       0 |   0.0 |      21 |       0 |   0.0
        D:2 |      91 |       0 |   0.0 |      24 |       0 |   0.0
        D:3 |      96 |       0 |   0.0 |      17 |       0 |   0.0
        D:4 |     273 |       0 |   0.0 |      16 |       0 |   0.0
        D:5 |     506 |       0 |   0.0 |      15 |       0 |   0.0
            +---------+---------+-------+---------+---------+-------
